 Dungeon Crawl Stone Soup version 0.22-a0-521-gb1378044ac (webtiles) character file.

795 Oravi the Conjurer (level 7, -5/41 HPs)
             Began as a Tengu Wizard on June 20, 2018.
             Slain by a mummy (14 damage)
             ... in an ossuary.
             The game lasted 00:26:44 (6750 turns).

Oravi the Conjurer (Tengu Wizard)                   Turns: 6750, Time: 00:26:44

Health: -5/41      AC:  8    Str:  7    XL:     7   Next: 89%
Magic:  14/15      EV: 13    Int: 21    God:
Gold:   174        SH:  0    Dex: 12    Spells: 10/16 levels left

rFire    + . .     SeeInvis .   o - +2 dagger (venom)
rCold    . . .     Gourm    .   (no shield)
rNeg     . . .     Faith    .   m - +3 leather armour
rPois    .         Spirit   .   b - +1 hat
rElec    .         Reflect  .   (no cloak)
rCorr    .         Harm     .   p - +0 pair of gloves
MR       .....                  (boots unavailable)
Stlth    ++........             (no amulet)
HPRegen  0.13/turn              r - ring of protection from fire
MPRegen  0.14/turn              (no ring)

@: no status effects
A: beak, talons 3, able to fly 1
a: Fly


You were in an ossuary.
You were not hungry.

You visited 1 branch of the dungeon, and saw 5 of its levels.
You also visited: Ossuary.

You collected 174 gold pieces.

Inventory:

Hand Weapons
 j - a +0 whip
 o - a +2 dagger of venom (weapon)
Missiles
 c - 170 stones (quivered)
 i - 17 poisoned needles
 s - 3 tomahawks
Armour
 a - a +0 robe
 b - a +1 hat (worn)
 m - a +3 leather armour (worn)
 p - a +0 pair of gloves (worn)
 t - a +0 buckler
Jewellery
 q - an uncursed amulet of magic regeneration {unknown}
 r - a ring of protection from fire (left hand)
 z - an uncursed amulet of the acrobat {unknown}
Wands
 l - a wand of digging (19)
Scrolls
 k - 2 scrolls of teleportation
 u - 2 scrolls of identify
 y - 2 scrolls of remove curse {unknown}
 A - a scroll of magic mapping
 C - a scroll of enchant weapon {unknown}
Potions
 e - 4 potions of heal wounds
 f - 2 potions of lignification
 g - 2 potions of berserk rage
 h - 3 potions of agility {unknown}
 n - a potion of invisibility {unknown}
 v - a potion of brilliance {unknown}
 w - 2 potions of cancellation {unknown}
 x - a potion of might {unknown}
 B - 3 potions of curing {unknown}
 D - a potion of magic {unknown}
 E - a potion of haste {unknown}
 F - a potion of degeneration {unknown}
Comestibles
 d - 8 rations


   Skills:
 + Level 3.3 Fighting
 + Level 4.5 Dodging
 - Level 2.0 Stealth
 + Level 5.2 Spellcasting
 + Level 6.3 Conjurations
   Level 1.2 Summonings
 - Level 0.7 Translocations


You had 10 spell levels left.
You knew the following spells:

 Your Spells              Type           Power        Failure   Level  Hunger
a - Magic Dart            Conj           ####         1%          1    None
b - Blink                 Tloc           N/A          19%         2    None
c - Conjure Flame         Conj/Fire      ###.....     13%         3    ##.....

Your spell library contained the following spells:

 Spells                   Type           Power        Failure   Level  Hunger
 Apportation              Tloc           #.....       12%         1    None
 Slow                     Hex            #.......     24%         2    None
 Mephitic Cloud           Conj/Pois/Air  ##......     21%         3    ##.....
 Summon Small Mammal      Summ           ##..         10%         1    None
 Animate Skeleton         Necr           N/A          16%         1    None
 Call Imp                 Summ           ##......     14%         2    None
 Confusing Touch          Hex            #.....       16%         1    None


Dungeon Overview and Level Annotations

Branches:
Dungeon (5/15)
 Temple: D:4-7

Altars:
Ashenzari
Sif Muna
Uskayaw
Zin
The Shining One

Annotations:
D:3 up


Innate Abilities, Weirdness & Mutations

You have a beak for a mouth.
You have claws for feet.
You can fly.


Message History

The mummy is almost destroyed.
The mummy hits you.
You hit the mummy but do no damage. You peck the mummy, but do no damage.
The mummy is almost destroyed.
You hit the mummy.
The mummy is almost destroyed.
The mummy hits you!
* * * LOW HITPOINT WARNING * * *
You are too injured to fight recklessly!
You are too injured to fight recklessly!
You are too injured to fight recklessly!
Casting: Magic Dart (safe; 1% risk of failure)
Confirm with . or Enter, or press ? or * to list all spells.
Aiming: Magic Dart (safe; 1% risk of failure)
Press: ? - help, Shift-Dir - straight line, f - mummy
Aim: a mummy (almost destroyed)
The magic dart hits the mummy.
The mummy is almost destroyed.
The mummy hits you!
You die...

## ## #? ### ##. ##M##
### ##'## ##^.
####..@###?###...###..#
##.'.....'...'.....'..##
##..##...######'...#####
#^^####'## ##.##'## #.##
#..####.#'#.## #.#
##..##.##.#..###### ###
##'## ##^.'######..'^.^.
#∩###...## ##..#
#####.## #..'....'#
##'## ### ##'.


You could see a mummy.

Vanquished Creatures
  Sigmund (D:3)
  An ogre (D:4)
  A crimson imp (D:5)
  A hound (D:4)
  2 iguanas
  A hound skeleton (D:4)
  13 mummies
  4 gnolls (D:2)
  7 adders
  An ooze (D:5)
  An adder skeleton (D:4)
  An adder zombie (D:5)
  3 worms
  9 dart slugs
  4 leopard geckos
  10 orcs
  6 bats
  9 goblins
  12 hobgoblins
  3 jackals (D:4)
  9 kobolds
  2 quokkas
  A ball python (D:4)
  4 frilled lizards
  2 gnoll skeletons (Ossuary)
  5 goblin skeletons (Ossuary)
  An orc skeleton (Ossuary)
  A quokka skeleton (D:4)
  10 rats
  11 rat skeletons (Ossuary)
136 creatures vanquished.

Notes
Turn   | Place    | Note
-------+----------+-------------------------------------------
     0 | D:1      | Oravi the Tengu Wizard began the quest for the Orb.
     0 | D:1      | Reached XP level 1. HP: 10/10 MP: 5/5
   294 | D:1      | Reached skill level 2 in Conjurations
   309 | D:1      | Reached XP level 2. HP: 13/15 MP: 1/7
   741 | D:1      | Reached XP level 3. HP: 19/19 MP: 3/8
   787 | D:1      | Learned a level 2 spell: Blink
   943 | D:1      | Reached skill level 3 in Conjurations
  1887 | D:2      | Reached XP level 4. HP: 24/24 MP: 5/10
  2258 | D:2      | Reached skill level 4 in Conjurations
  2590 | D:2      | Found a deep blue altar of Sif Muna.
  2707 | D:2      | Gained mutation: You can fly. [Tengu growth]
  2707 | D:2      | Reached XP level 5. HP: 28/28 MP: 7/12
  2962 | D:3      | Found a hide-covered altar of Uskayaw.
  2975 | D:3      | Found a glowing silver altar of Zin.
  3102 | D:3      | Found a shattered altar of Ashenzari.
  3367 | D:3      | Noticed Sigmund
  3516 | D:3      | Reached skill level 1 in Fighting
  3877 | D:3      | Killed Sigmund
  3877 | D:3      | Reached skill level 5 in Conjurations
  3877 | D:3      | Reached XP level 6. HP: 35/35 MP: 8/13
  3882 | D:3      | Learned a level 3 spell: Conjure Flame
  4638 | D:4      | Reached XP level 7. HP: 37/40 MP: 13/15
  5350 | D:3      | Found a glowing golden altar of the Shining One.
  5409 | D:5      | Entered Level 5 of the Dungeon
  5477 | D:5      | Reached skill level 5 in Spellcasting
  5551 | D:5      | Found a sand-covered staircase.
  5567 | Ossuary  | Entered an ossuary
  5668 | Ossuary  | Reached skill level 6 in Conjurations
  6750 | Ossuary  | Slain by a mummy

Vault maps used:
D:1:      minmay_arrival_up_and_down, chequers_big_river
D:2:      led_sif_pool
D:3:      nicolae_overflow_hidden_temple, first_ration, uniq_sigmund
D:5:      kennysheep_slugbush, grunt_temple_overflow_forces_of_nature,
          lemuel_crystal_altar, elyvilon_altar_3, gup_ossuary_entry_pyramid
Ossuary:  ossuary_due_small_catacomb

Skill      XL: |  1  2  3  4  5  6  7 |
---------------+----------------------+-----
Conjurations   | 2 3 4 5 6 |  6.3
Spellcasting   | 4 5 |  5.2
Fighting       | 2 3 |  3.3
Dodging        | 3 4 |  4.5
Stealth        | |  2.0
Summonings     | |  1.2
Translocations | |  0.7

Action                   |  1- 3 |  4- 6 |  7- 9 || total
-------------------------+-------+-------+-------++-------
Melee: Unarmed           |    15 |       |       ||    15
       Peck              |     5 |    11 |    12 ||    28
       Kick              |     4 |    16 |    24 ||    44
       Whip              |     5 |    13 |       ||    18
       Dagger            |       |    79 |   118 ||   197
Throw: Stone             |    14 |    80 |    39 ||   133
 Cast: Magic Dart        |    71 |    84 |   101 ||   256
       Conjure Flame     |       |       |    11 ||    11
  Use: Scroll            |     3 |     7 |     1 ||    11
 Stab: Sleeping          |       |     1 |       ||     1
  Eat: Chunk             |     3 |     8 |     2 ||    13
       Ration            |       |       |     2 ||     2
Armor: Robe              |     2 |       |       ||     2
       Leather armour    |       |    29 |    21 ||    50
Dodge: Dodged            |    23 |    67 |    42 ||   132

Table legend:
 A = Spawn XP
 B = Non-spawn XP
 C = Spawn XP percentage of total XP
 D = Spawn monster count
 E = Non-spawn monster count
 F = Spawn count percentage of total count
 G = Total turns spent on level
                    A         B        C        D         E        F      G
               +---------+---------+-------+---------+---------+-------+---------
         Total |       0 |    1136 |   0.0 |       0 |     136 |   0.0 |  6750
               +---------+---------+-------+---------+---------+-------+---------
           D:1 |       0 |      49 |   0.0 |       0 |      25 |   0.0 |  1658
           D:2 |       0 |     126 |   0.0 |       0 |      28 |   0.0 |  1243
           D:3 |       0 |     293 |   0.0 |       0 |      21 |   0.0 |  1199
           D:4 |       0 |     284 |   0.0 |       0 |      20 |   0.0 |  1309
           D:5 |       0 |     149 |   0.0 |       0 |      11 |   0.0 |   158
       Ossuary |       0 |     235 |   0.0 |       0 |      31 |   0.0 |  1183
               +---------+---------+-------+---------+---------+-------+---------
